 Dungeon Crawl Stone Soup version 0.31-a0-174-g85c54bcb58 (webtiles) character file.

Game seed: 6440366551167431498

88033 dohliylev the Brawler (level 15, -1/193 (205) HPs)
             Began as a Troll Berserker on June 15, 2023.
             Was a High Priest of Trog.
             Slain by a fire elemental (5 damage)
             ... summoned by a deep elf pyromancer
             ... on level 2 of the Elven Halls.
             The game lasted 01:00:25 (19648 turns).

dohliylev the Brawler (Troll Berserker)            Turns: 19648, Time: 01:00:27

HP:   -1/193 (205)  AC: 27    Str: 35    XL:     15   Next: 45%
MP:   0/14          EV:  1    Int:  3    God:    Trog [*****.]
Gold: 1970          SH: 10    Dex:  9    Spells: 14/14 levels left

rFire   . .          .
                       - Unarmed
rCold   . . .        d - +0 kite shield
rNeg    . . .        A - melded +3 troll leather armour {Snorg}
rPois   +            b - melded +1 hat "Cocrucuf" {rElec rF- Regen+ Slay+6}
rElec   .            n - melded scarf {repulsion}
rCorr   .            (gloves unavailable)
SInv    .            (boots unavailable)
Will    +....        O - amulet of guardian spirit
Stlth   +            o - +4 ring of slaying
HPRegen 1.32/turn    u - +5 ring of evasion
MPRegen 0.14/turn

%: guardian spirit
@: tree-form, on berserk cooldown, slowed, drained, invisible, very slow
A: stationary, stasis, torment immunity, boosted hp, large, unfitting armour,
(claws 3), regeneration 1, (shaggy fur 1), (tough skin 1)
a: Renounce Religion, Berserk, Trog's Hand, Brothers in Arms


You were on level 2 of the Elven Halls.
You worshipped Trog.
Trog was extremely pleased with you.
You were a tree.
You visited 4 branches of the dungeon, and saw 21 of its levels.
You visited the Abyss 1 time.
You also visited: Volcano.

You collected 2060 gold pieces.
You spent 90 gold pieces at shops.

Inventory:

Missiles
 H - 5 javelins
 R - a large rock
 W - 6 boomerangs of dispersal
 X - 3 throwing nets
Armour
 b - the +1 hat "Cocrucuf" (melded) {rElec rF- Regen+ Slay+6}
   (You acquired it on level 5 of the Dungeon)

   Slay:      It affects your accuracy & damage with ranged weapons and melee
   (+6).
   rF:        It makes you vulnerable to fire.
   rElec:     It insulates you from electricity.
   Regen:     It increases your rate of health regeneration.
 d - a +0 kite shield (worn)
 n - a scarf of repulsion (melded)
 A - a +3 troll leather armour (melded) {Snorg}
 K - a +2 robe of cold resistance
 M - +1 fire dragon scales
 P - +0 acid dragon scales
Jewellery
 o - a +4 ring of slaying (left branch)
 u - a +5 ring of evasion (right branch)
 F - a ring of protection from cold
 O - an amulet of guardian spirit (around neck)
 Q - a +4 ring of protection
 V - a ring of protection from fire
Wands
 l - a wand of mindburst (22)
 t - a wand of flame (15)
 w - a wand of polymorph (2)
 x - a wand of light (13)
 y - a wand of paralysis (7)
 N - a wand of digging (7)
 T - a wand of roots (12)
Scrolls
 e - 4 scrolls of fog
 h - 4 scrolls of fear
 i - 5 scrolls of revelation
 k - 2 scrolls of poison
 m - a scroll of blinking
 v - a scroll of silence
 B - 6 scrolls of teleportation
 L - 2 scrolls of noise
 S - 2 scrolls of identify
Potions
 a - a potion of invisibility
 c - 3 potions of lignification
 f - 3 potions of degeneration {unknown}
 g - 3 potions of magic
 j - 2 potions of cancellation {unknown}
 p - 8 potions of curing
 q - 6 potions of enlightenment {unknown}
 r - 4 potions of mutation {unknown}
 s - 6 potions of haste
 z - 4 potions of might {unknown}
 C - 2 potions of brilliance {unknown}
 D - 4 potions of attraction {unknown}
 G - a potion of berserk rage {unknown}
 I - a potion of resistance {unknown}
 J - 3 potions of heal wounds {unknown}
 U - a potion of ambrosia {unknown}
Miscellaneous
 E - a condenser vane (quivered)


   Skills:
 + Level 6.5 Fighting
 + Level 1.3 Throwing
 + Level 8.1 Armour
 + Level 8.3 Dodging
 - Level 0.1 Stealth
 + Level 10.2 Shields
 + Level 20.3 Unarmed Combat
 + Level 3.1 Evocations


You had 14 spell levels left.
You didn't know any spells.
Your spell library was empty.

Dungeon Overview and Level Annotations

Branches:
Dungeon (12/15)            Temple (0/1) D:6            Lair (5/5) D:11
 Shoals (0/4) Lair:3        Snake (0/4) Lair:3        Slime (0/5) Lair:5
    Orc (2/2) D:12            Elf (2/3) Orc:2       Volcano (visited)

Altars:
Dithmenos
Hepliaklqana
Kikubaaqudgha
Nemelex Xobeh
Ru
Sif Muna
Vehumet
Wu Jian
Xom
Jiyva

Shops:
Orc:2 *:*(   Elf:2 :

Annotations:
Elf:1 Jorgrun


Innate Abilities, Weirdness & Mutations

You are a tree.
Your roots penetrate the ground, keeping you stationary.
You cannot be teleported.
You are immune to unholy pain and torment.
Your maximum health is greatly increased.
Your equipment is partially melded.
You are too large for most types of armour.
((You have claws for hands.))
Your natural rate of healing is unusually fast.
((You are covered in fur. (AC +1)))
((You have tough skin. (AC +1)))


Message History

The deep elf archer hits you but does no damage.
The fire elemental hits you. The fire elemental burns you!
* * * LOW HITPOINT WARNING * * *
The deep elf pyromancer hits you but does no damage.
The deep elf archer hits you but does no damage.
The fire elemental hits you. The fire elemental burns you!
* * * LOW HITPOINT WARNING * * *
You cannot move. (Use ctrl+direction or * direction to attack while stationary and confused.)
You cannot move. (Use ctrl+direction or * direction to attack while stationary and confused.)
You cannot move. (Use ctrl+direction or * direction to attack while stationary and confused.)
You thrash the deep elf archer!!!
You kill the deep elf archer!
Trog accepts your kill.
Trog appreciates your killing of a magic user.
The deep elf pyromancer gestures wildly while chanting.
The deep elf pyromancer blinks!
The fire elemental hits you.
Unknown command.
Unknown command.
It was a potion of magic.
Magic courses through your body. The fire elemental hits you.
The fire elemental burns you!
* * * LOW HITPOINT WARNING * * *
The deep elf pyromancer gestures at you while chanting.
The sticky flame hits you but does no damage.
You are covered in liquid flames!
The fire elemental hits you. The fire elemental burns you!
* * * LOW HITPOINT WARNING * * *
You are too confused!
It was a potion of invisibility.
You become transparent, but the glow from your liquid flames prevents you from becoming completely invisible.
You are covered in liquid flames!
* * * LOW HITPOINT WARNING * * *
You feel less confused.
You are no longer on fire.
You block the fire elemental's attack. x2
It was a potion of curing.
You feel better.
You block the deep elf pyromancer's attack.
The fire elemental hits you.
The deep elf pyromancer hits you from afar with a +0 bardiche!
* * * LOW HITPOINT WARNING * * *
The fire elemental hits you. The fire elemental burns you!
You die...

#### ##..## ##<...##
####################......###
..ee3.∩)...)..(E♣)e.........#
#######)##########|.........#
##[## ###......### ##)##
##.).<## ##e## ##..## .##.##
#### ...## #..# .#..


You could see a deep elf pyromancer (unable to see you), a fire elemental
(summoned, unable to see you) and a +0 dire flail of holy wrath (unable to see
you).

Vanquished Creatures
  A tentacled starspawn (Abyss:3)
  2 deep elf demonologists
  Azrael (Elf:1)
  The ghost of Anon1729 the Fighter, a journeyman MiMo of Uskayaw (Lair:5)
  Snorg (Lair:4)
  A deep elf death mage (Elf:2)
  4 hydras (Lair:5)
  A merfolk avatar (Lair:5)
  Erica (Lair:2)
  2 boulder beetles
  8 death yaks
  4 two-headed ogres
  5 dancing weapons
  5 deep elf knights
  A thrashing horror (Abyss:3)
  Sonja (Orc:2)
  3 skysharks
  2 sea snakes (Lair:5)
  2 sixfirhies (Abyss:4)
  A flayed ghost (D:12)
  A deep troll (D:12)
  9 deep elf zephyrmancers
  7 deep elf pyromancers
  3 deep elf archers (Elf:2)
  7 orc knights
  An orc sorcerer (Orc:2)
  A cyclops (D:12)
  An oklob plant (Lair:2)
  5 manticores
  5 black mambas
  3 elephants (Lair:4)
  An ugly thing (D:12)
  A toenail golem (Volcano)
  9 centaur zombies (D:11)
  3 molten gargoyles (Volcano)
  14 cane toads
  A torpor snail (Lair:5)
  A gargoyle (D:9)
  An unseen horror (D:11)
  3 rime drakes
  2 kobold demonologists
  3 efreet (Volcano)
  6 komodo dragons
  4 hornets
  A troll (Orc:2)
  A tyrant leech (D:12)
  2 wind drakes (Lair:5)
  4 polar bears
  21 blink frogs
  A snapping turtle (Lair:3)
  2 vampires
  4 shadows
  A water elemental (D:12)
  2 wraiths
  30 yaks
  4 wyverns
  8 fire elementals
  2 basilisks
  2 steam dragons
  Menkaure (D:5)
  4 nagas (Lair:3)
  17 water moccasins
  5 wargs (Orc:2)
  5 acid dragons
  A hell hound (Elf:1)
  2 sky beasts
  4 black bears
  An ice beast (D:6)
  32 orc warriors
  12 wolves
  4 centaurs
  8 ogres
  6 kobold brigands
  11 bullfrogs
  An earth elemental (Volcano)
  2 scorpions (D:5)
  11 wights (D:8)
  2 electric eels (D:12)
  9 howler monkeys
  A gnoll bouda (D:5)
  5 jellies
  16 orc priests
  5 hounds
  A sleepcap (D:5)
  4 iguanas
  13 orc wizards
  5 hell rats
  Robin (D:4)
  5 adders
  6 gnolls
  2 river rats (D:11)
  2 shadow imps
  2 white imps
  3 ufetubi
  A worm (D:2)
  2 dart slugs
  60 orcs
  9 bats
  8 endoplasms
  2 giant cockroaches
  7 hobgoblins
  8 jackals
  4 quokkas
  6 ball pythons
  3 frilled lizards (D:1)
  18 goblins
  25 kobolds
  8 rats
  A spectral goblin (D:2)
  3 fire vortices (Volcano)
598 creatures vanquished.

Vanquished Creatures (collateral kills)
  Rupert (Lair:4)
  A two-headed ogre (Orc:1)
  A deep elf zephyrmancer (Elf:1)
  2 deep elf pyromancers (Elf:1)
  An orc warrior (Orc:1)
  An orc priest (Orc:1)
  An orc (Orc:1)
8 creatures vanquished.

Vanquished Creatures (others)
  2 deep elf knights (Elf:1)
  A deep elf zephyrmancer (Elf:2)
  A molten gargoyle (Volcano)
  A human (D:6)
  A fire vortex (Volcano)
6 creatures vanquished.

Grand Total: 612 creatures vanquished

Notes
Turn   | Place    | Note
-------+----------+-------------------------------------------
     0 | D:1      | dohliylev the Troll Berserker began the quest for the Orb.
     0 | D:1      | Reached XP level 1. HP: 22/22 MP: 0/0
   136 | D:1      | Reached XP level 2. HP: 29/29 MP: 1/1
   462 | D:1      | Reached XP level 3. HP: 20/33 MP: 2/2
   584 | D:1      | Reached ** piety under Trog
  1068 | D:2      | Reached skill level 4 in Unarmed Combat
  1122 | D:2      | Found a faded altar of an unknown god.
  1216 | D:2      | Reached XP level 4. HP: 43/43 MP: 3/3
  1837 | D:3      | Reached *** piety under Trog
  1958 | D:4      | Reached skill level 1 in Shields
  1958 | D:4      | Reached XP level 5. HP: 53/53 MP: 4/4
  2000 | D:4      | You fall into a shaft and drop 2 floors!
  2034 | D:6      | Reached skill level 5 in Unarmed Combat
  2051 | D:6      | Noticed an ogre
  2068 | D:6      | Killed an ogre
  2069 | D:6      | Reached XP level 6. HP: 61/61 MP: 5/5
  2164 | D:6      | Found a staircase to the Ecumenical Temple.
  2167 | D:5      | Entered Level 5 of the Dungeon
  2187 | D:5      | Reached skill level 6 in Unarmed Combat
  2298 | D:4      | Reached XP level 7. HP: 67/67 MP: 6/6
  2306 | D:4      | Noticed Robin
  2349 | D:4      | Killed Robin
  2387 | D:4      | Found a shimmering blue altar of Sif Muna.
  3255 | D:5      | Reached skill level 7 in Unarmed Combat
  3414 | D:5      | Noticed Menkaure
  3415 | D:5      | Found a sacrificial altar of Ru.
  3415 | D:5      | Found a shimmering altar of Xom.
  3415 | D:5      | Found a radiant altar of Vehumet.
  3421 | D:5      | Killed Menkaure
  3770 | D:5      | Noticed a wyvern
  3788 | D:5      | Killed a wyvern
  3789 | D:5      | Reached XP level 8. HP: 76/76 MP: 7/7
  3796 | D:5      | Reached skill level 8 in Unarmed Combat
  4002 | D:5      | Identified a scroll of acquirement
  4004 | D:5      | Acquired the +1 hat "Cocrucuf" {rElec rF- Regen+ Slay+6}
  4132 | D:6      | Found an ancient bone altar of Kikubaaqudgha.
  4134 | D:6      | Reached **** piety under Trog
  4234 | D:6      | Reached skill level 9 in Unarmed Combat
  4264 | D:6      | Found an ornate altar of the Wu Jian Council.
  4388 | D:6      | Reached XP level 9. HP: 84/84 MP: 8/8
  4747 | D:7      | Found a sparkling altar of Nemelex Xobeh.
  5687 | D:8      | Noticed a two-headed ogre
  5692 | D:8      | Killed a two-headed ogre
  5693 | D:8      | Reached skill level 5 in Dodging
  5693 | D:8      | Reached skill level 5 in Shields
  5693 | D:8      | Reached skill level 10 in Unarmed Combat
  6032 | D:8      | Found the +10 dark maul {heavy}
  6050 | D:8      | Reached skill level 11 in Unarmed Combat
  6348 | D:8      | Reached XP level 10. HP: 94/94 MP: 9/9
  6570 | D:8      | Found a hazy altar of Hepliaklqana.
  6571 | D:8      | Found a shadowy altar of Dithmenos.
  6657 | D:9      | Paralysed by a hornet for 2 turns
  6717 | D:9      | Noticed a gargoyle
  6722 | D:9      | Killed a gargoyle
  7211 | D:9      | Reached skill level 12 in Unarmed Combat
  8100 | D:10     | Entered Level 10 of the Dungeon
  8171 | D:10     | Reached ***** piety under Trog
  8172 | D:10     | Reached skill level 1 in Armour
  8172 | D:10     | Reached skill level 13 in Unarmed Combat
  8414 | D:10     | Reached XP level 11. HP: 101/101 MP: 8/10
  8654 | D:11     | Noticed a two-headed ogre
  8659 | D:11     | Killed a two-headed ogre
  8818 | D:11     | Noticed a two-headed ogre
  8829 | D:11     | Killed a two-headed ogre
  8917 | D:11     | Reached skill level 14 in Unarmed Combat
  8973 | D:11     | Noticed a death yak
  8977 | D:11     | Noticed a death yak
  8977 | D:11     | Noticed a death yak
  8982 | D:11     | Killed a death yak
  8982 | D:11     | Received a gift from Trog
  8983 | D:11     | Found a staircase to the Lair.
  8990 | D:11     | Killed a death yak
  8991 | D:11     | Reached skill level 5 in Fighting
  8998 | D:11     | Killed a death yak
  9101 | D:11     | Noticed a boulder beetle
  9114 | D:11     | Killed a boulder beetle
  9676 | D:12     | Noticed a purple ugly thing
  9681 | D:12     | Killed a purple ugly thing
  9682 | D:12     | Reached XP level 12. HP: 111/111 MP: 11/11
  9814 | D:12     | Reached skill level 15 in Unarmed Combat
 10367 | D:12     | Found a staircase to the Orcish Mines.
 10456 | D:12     | Reached skill level 1 in Evocations
 10603 | D:12     | Reached skill level 5 in Armour
 10652 | D:12     | Noticed a boulder beetle
 10673 | D:12     | Killed a boulder beetle
 10751 | D:12     | Noticed a six-headed hydra
 10761 | D:12     | HP: 4/111 [acid dragon/splash of acid (21)]
 10977 | D:12     | a six-headed hydra changed into a tyrant leech
 11129 | Lair:1   | Entered Level 1 of the Lair of Beasts
 11347 | Lair:1   | Found a dark tunnel.
 11353 | Volcano  | Entered a volcano
 11374 | Volcano  | Reached skill level 16 in Unarmed Combat
 11775 | Volcano  | Reached skill level 1 in Throwing
 12397 | Lair:2   | Reached XP level 13. HP: 119/119 MP: 12/12
 12431 | Lair:2   | Identified the +10 mace "Gydapele" {heavy, Drain rCorr
                  | Str+5}
 12457 | Lair:2   | Noticed Erica
 12470 | Lair:2   | Killed Erica
 13259 | Lair:3   | Reached skill level 17 in Unarmed Combat
 13398 | Lair:3   | Found a staircase to the Snake Pit.
 13489 | Lair:3   | Found a staircase to the Shoals.
 14429 | Lair:4   | Noticed Rupert
 14474 | Lair:4   | Killed Rupert
 14698 | Lair:4   | Noticed Snorg
 14704 | Lair:4   | Killed Snorg
 15196 | Lair:5   | Entered Level 5 of the Lair of Beasts
 15325 | Lair:5   | Found a viscous altar of Jiyva.
 15326 | Lair:5   | Found a staircase to the Slime Pits.
 15357 | Lair:5   | Reached skill level 18 in Unarmed Combat
 15380 | Lair:5   | Reached XP level 14. HP: 128/128 MP: 10/13
 15553 | Lair:5   | Received a gift from Trog
 15658 | Lair:5   | HP: 5/128 [four-headed hydra (6)]
 15924 | Lair:5   | Noticed Anon1729's ghost (journeyman MiMo)
 16026 | Lair:5   | Found a runed translucent gate.
 16027 | Lair:5   | Found a runed translucent gate.
 16028 | Lair:5   | Found a runed translucent gate.
 16382 | Lair:5   | Killed Anon1729's ghost
 16621 | Orc:1    | Entered Level 1 of the Orcish Mines
 16811 | Orc:2    | Entered Level 2 of the Orcish Mines
 17266 | Orc:2    | Reached skill level 19 in Unarmed Combat
 17418 | Orc:2    | Found Foneskas's General Store.
 17418 | Orc:2    | Found Lyhyisun's Weapon Emporium.
 17522 | Orc:2    | Found Uliyl's General Store.
 17555 | Orc:2    | Bought a scroll of enchant armour for 90 gold pieces
 17560 | Orc:2    | Found Zaahueb's Book Emporium.
 17624 | Orc:2    | Found a staircase to the Elven Halls.
 17633 | Orc:2    | Noticed Sonja
 17641 | Orc:2    | Killed Sonja
 17715 | Orc:2    | Paralysed by an orc sorcerer for 3 turns
 17985 | Elf:1    | Entered Level 1 of the Elven Halls
 18014 | Elf:1    | Reached skill level 10 in Shields
 18078 | Elf:1    | Noticed Azrael
 18086 | Elf:1    | Killed Azrael
 18095 | Elf:1    | Received a gift from Trog
 18096 | Elf:1    | Reached XP level 15. HP: 103/136 MP: 8/14
 18937 | Abyss:3  | Noticed a tentacled starspawn
 18937 | Abyss:3  | Cast into level 3 of the Abyss (a deep elf demonologist)
 18941 | Abyss:3  | Killed a tentacled starspawn
 19012 | Elf:1    | Escaped the Abyss
 19017 | Elf:1    | Noticed a Hell Sentinel
 19365 | Elf:1    | Reached skill level 20 in Unarmed Combat
 19389 | Elf:1    | Noticed Jorgrun
 19546 | Elf:2    | Found Detehuj's Book Shoppe.
 19587 | Elf:2    | Noticed a Hell Sentinel
 19644 | Elf:2    | HP: 8/192 [fire elemental[a deep elf pyromancer] (6)]
 19644 | Elf:2    | HP: 1/192 [fire elemental[a deep elf pyromancer] (7)]
 19648 | Elf:2    | Slain by a fire elemental

Illustrated notes

Levels and vault maps discovered:
D:1:      moated_graveyard_arrival, layout_basic, amcnicky_mini_pool_small,
          minivault_19
D:2:      layout_basic, dreamdust_ecumenical_altar_drowned_temple,
          nicolae_concentric_dashed_squares_mild
D:3:      layout_basic, st_stairs_9
D:4:      layout_basic, nicolae_sif_muna_little_library, uniq_robin
D:5:      kennysheep_windowed_halls, layout_cave_pods,
          gammafunk_temple_overflow_claw, uniq_menkaure
D:6:      nicolae_BIG_FREAKIN_CUBE, layout_basic, nicolae_wu_jian_glorious_leap,
          tgw_kikubaaqudgha, serial_bayou_pond_a, kennysheep_small_square
D:7:      layout_basic, overflow_temple_1_default
D:8:      minmay_weird_star, layout_basic, riverfiend_overflow_shadow_ancestor
D:9:      minmay_evil_eye, layout_grid_maze, st_stairs_5
D:10:     layout_cross
D:11:     layout_long_grid, dpeg_lair_monsters, serial_undead, serial_undead_e,
          serial_undead_a, serial_undead_f, serial_undead_b
D:12:     dreamdust_cave_troll, layout_irregular_city, erik_orc_2,
          minmay_three_doors
Lair:1:   layout_loops_ring, nicolae_volcano_entry_hallway, minivault_26
Lair:2:   layout_regular_city, small_statue_intersection, uniq_erica
Lair:3:   layout_cave_pods, minmay_shoals_entry_hut,
          minmay_snake_entry_guardpost_large, minivault_19
Lair:4:   layout_cellular_growth, uniq_snorg, uniq_rupert
Lair:5:   gammafunk_lair_ancient_temple, layout_loops_ring, slime_entry_1,
          gammafunk_ghost_split
Orc:1:    layout_caves, nicolae_shop_vocational
Orc:2:    st_orc_town, layout_caves, uniq_sonja
Elf:1:    minmay_elf_arrival_plus, layout_loops_corners, evilmike_minifort,
          uniq_jorgrun, uniq_azrael
Elf:2:    elven_hall_of_blades_hangedman_original [mumra_blade_entry_bloodbath],
          layout_rooms, serial_shops, shop

Skill      XL: |  1  2  3  4  5  6  7  8  9 10 11 12 13 14 15 |
---------------+----------------------------------------------+-----
Unarmed Combat | 4 5 6 7 9 11 13 14 16 18 19 20 | 20.3
Dodging        | 3 4 5 6 7 8 |  8.3
Fighting       | 3 4 5 6 |  6.5
Shields        | 1 2 3 4 5 6 7 8 9 10 | 10.2
Armour         | 1 4 5 7 8 |  8.1
Evocations     | 2 3 |  3.1
Throwing       | 1 |  1.3
Stealth        | |  0.1

Action                     |  1- 3 |  4- 6 |  7- 9 | 10-12 | 13-15 || total
---------------------------+-------+-------+-------+-------+-------++-------
  Melee: Unarmed           |   132 |    73 |   268 |   401 |   786 ||  1660
         Punch             |     1 |       |       |       |       ||     1
  Throw: Large rock        |       |       |       |     2 |     2 ||     4
         Throwing net      |       |       |       |     1 |     1 ||     2
 Invoke: Berserk           |       |     1 |     7 |     9 |     7 ||    24
         Trog's Hand       |       |     1 |     4 |     5 |     7 ||    17
         Brothers in Arms  |       |       |       |     1 |     5 ||     6
  Evoke: Wand              |       |       |     2 |    19 |    18 ||    39
         Condenser vane    |       |       |       |       |     1 ||     1
    Use: Scroll            |       |       |     8 |    11 |     7 ||    26
         Potion            |       |       |       |       |     4 ||     4
   Stab: Sleeping          |     2 |     2 |       |       |     1 ||     5
 Armour: Animal skin       |    56 |    12 |    58 |     2 |       ||   128
         Fire dragon scale |       |       |       |   117 |    84 ||   201
         Troll leather arm |       |       |       |       |    57 ||    57
         Skin              |       |       |       |       |    13 ||    13
  Dodge: Dodged            |    59 |    15 |   134 |   149 |   355 ||   712
         Repelled          |       |       |     4 |     5 |    18 ||    27
  Block: Kite shield       |    30 |    23 |    96 |   150 |   320 ||   619

Table legend: (Time is in decaauts)
 A = Elapsed time spent in this place.
 B = Non-inter-level travel time spent in this place.
 C = Inter-level travel time spent in this place.
 D = Time resting spent in this place.
 E = Time spent auto-exploring this place.
 F = Levels seen in this place.
 G = Mean time per level.
                   A        B        C        D        E       F      G
               +--------+--------+--------+--------+--------+-----+--------+
         Total |  19615 |  18614 |   1001 |   2370 |  12091 |  24 |  817.3 |
       Dungeon |  11295 |  10666 |    629 |   1008 |   7566 |  12 |  941.2 |
          Lair |   4822 |   4564 |    258 |    468 |   3031 |   5 |  964.4 |
  Orcish Mines |   1321 |   1260 |     61 |    193 |    742 |   2 |  660.5 |
   Elven Halls |   1572 |   1520 |     52 |    404 |    752 |   2 |  786.0 |
         Abyss |     67 |     67 |      0 |      0 |      0 |   2 |   33.5 |
       Volcano |    537 |    537 |      0 |    297 |      0 |   1 |  537.0 |
               +--------+--------+--------+--------+--------+-----+--------+

Top non-repeatable levels by time:
    D:12: 1501 daAuts
   Elf:1: 1432 daAuts
     D:5: 1350 daAuts
  Lair:5: 1243 daAuts
     D:9: 1209 daAuts
     D:8: 1153 daAuts
   Orc:2: 1131 daAuts
    D:11: 1078 daAuts
  Lair:4: 977 daAuts
  Lair:3: 973 daAuts
     D:7: 867 daAuts
     D:6: 860 daAuts
  Lair:2: 855 daAuts
     D:1: 813 daAuts
     D:4: 788 daAuts
